 Dungeon Crawl Stone Soup version 0.26.1-2-gb8aa6d0cf2 (webtiles) character file.

Game seed: 13203363737672425170

182 Chiseanne the Skirmisher (level 5, 41/41 HPs)
             Began as a Demonspawn Wanderer on Mar 2, 2021.
             Quit the game on level 2 of the Dungeon.
             The game lasted 00:07:19 (2820 turns).

Chiseanne the Skirmisher (Demonspawn Wanderer)      Turns: 2820, Time: 00:07:19

Health: 41/41      AC:  7    Str: 12    XL:     5   Next: 34%
Magic:  8/8        EV: 12    Int: 17    God:
Gold:   131        SH:  4    Dex: 10    Spells: 8/8 levels left

rFire    . . .     SeeInvis .   s - +0 war axe
rCold    . . .     Faith    .   k - +0 buckler (curse)
rNeg     . . .     Spirit   .   i - +0 leather armour
rPois    .         Reflect  .   d - +0 helmet
rElec    .         Harm     .   (no cloak)
rCorr    .         Rampage  .   (no gloves)
Will     .....                  b - +0 pair of boots
Stlth    +.........             (no amulet)
HPRegen  0.13/turn              (no ring)
MPRegen  0.11/turn              (no ring)

@: no status effects
A: slimy green scales 1, demonic guardian 1
a: no special abilities


You were on level 2 of the Dungeon.
You visited 1 branch of the dungeon, and saw 3 of its levels.

You collected 131 gold pieces.

Inventory:

Hand Weapons
 a - a +0 dagger of venom
 s - a +0 war axe (weapon)
Missiles
 f - 16 poisoned darts
 g - 13 bolts
 h - 95 stones (quivered)
 n - 33 arrows
 p - 6 silver javelins
Armour
 b - a +0 pair of boots (worn)
 c - a +1 buckler
 d - a +0 helmet (worn)
 i - a +0 leather armour (worn)
 k - a cursed +0 buckler (worn)
Magical Staves
 v - an uncursed staff of conjuration {unknown}
Wands
 e - a wand of enslavement (6)
Scrolls
 l - 2 scrolls of identify
 q - 2 scrolls of teleportation
 t - a scroll of blinking
Potions
 j - a potion of curing
 m - a potion of flight
 o - a potion of haste
 r - a potion of resistance {unknown}


   Skills:
 * Level 3.5 Fighting
 * Level 2.5 Dodging
 - Level 1.0 Stealth
 * Level 3.2 Shields
 - Level 2.0 Spellcasting
 - Level 1.0 Transmutations
 - Level 1.7 Fire Magic


You had 8 spell levels left.
You didn't know any spells.
Your spell library contained the following spells:

 Spells                   Type           Power        Failure   Level
 Sandblast                Erth           2%           26%         1
 Summon Small Mammal      Summ           4%           26%         1
 Passwall                 Tmut/Erth      2%           32%         2
 Stone Arrow              Conj/Erth      2%           63%         3
 Summon Guardian Golem    Hex/Summ       1%           63%         3
 Petrify                  Tmut/Erth      3%           91%         4
 Lee's Rapid Deconstruct  Erth           0%           100%        5


Dungeon Overview and Level Annotations

Branches:
Dungeon (3/15)

Altars:
Dithmenos
Kikubaaqudgha

Annotations:
D:3 Terence


Innate Abilities, Weirdness & Mutations

You are partially covered in slimy green scales. (AC +2)
A weak demonic guardian rushes to your aid.


Message History

You block the vampire bat's attack.
The vampire bat bites you but does no damage.
You closely miss the vampire bat.
The vampire bat is severely damaged.
The vampire bat closely misses you. The vampire bat completely misses you.
Your ufetubus barely misses the vampire bat.
Your ufetubus closely misses the vampire bat.
The vampire bat closely misses you.
You closely miss the vampire bat.
The vampire bat is severely damaged.
The vampire bat bites you but does no damage. x2
The vampire bat bites your shadow imp but does no damage.
Your shadow imp hits the vampire bat.
The vampire bat is destroyed!
You feel your intelligence returning.
You swap places.
You swap places.
Your ufetubus disappears in a puff of smoke!
Your shadow imp disappears in a puff of smoke!
Are you sure you want to abandon this character and quit the game? (Confirm with "yes".)

##.⌠.#.⌠.#...##
#.#.#.#.#.#.#.##
...#.⌠.#.⌠.#.⌠.###
⌠.#.#.#.#.#..'.# ####### ._
..#.⌠.#.⌠.#.'.# #.....#
⌠.⌠.#.#.#)#.#.5'.# #.....#
#.⌠.#.⌠.#.5.#.# #.....#
#.#.#.#.#.#b##.# #.....#
#.⌠.#.⌠.#...###@# #..†..#
##.#.#.###### #.# ####.....#
########## #.#######........#
#......#####.#.......##.....#
##.#.##..........####.#####..#
###..#..##.........#
#..#...†..
##...###.##.........#
#..#......
#...##...##.........#
#..#......
..........#.........##
#.........


There were no monsters in sight!

Vanquished Creatures
  A vampire bat (D:2)
  A gnoll (D:2)
  3 adders
  2 oozes (D:2)
  2 worms (D:2)
  A dart slug (D:1)
  An orc (D:3)
  4 bat skeletons (D:2)
  3 bat zombies (D:2)
  2 giant cockroaches
  8 goblins
  9 hobgoblins
  8 jackals
  4 kobolds
  3 ball pythons
  2 bats
  A frilled lizard (D:3)
  7 rats
62 creatures vanquished.

Vanquished Creatures (collateral kills)
  A vampire bat (D:2)
1 creature vanquished.

Grand Total: 63 creatures vanquished

Notes
Turn   | Place    | Note
-------+----------+-------------------------------------------
     0 | D:1      | Chiseanne the Demonspawn Wanderer began the quest for the
                  | Orb.
     0 | D:1      | Chiseanne set off with the following items: a +0 club, a +0
                  | buckler, a +0 robe; and the following spells available to
                  | memorise: Sandblast, Summon Small Mammal, Passwall, Stone
                  | Arrow, Summon Guardian Golem, Petrify, Lee's Rapid
                  | Deconstruction
     0 | D:1      | Reached XP level 1. HP: 16/16 MP: 3/3
   502 | D:1      | Gained mutation: You are partially covered in slimy green
                  | scales. (AC +2) [demonic ancestry]
   502 | D:1      | Reached XP level 2. HP: 21/22 MP: 5/5
   714 | D:1      | Reached skill level 1 in Dodging
  1210 | D:1      | Reached XP level 3. HP: 28/28 MP: 6/6
  1649 | D:2      | Reached XP level 4. HP: 12/34 MP: 7/7
  2172 | D:3      | Found a shadowy altar of Dithmenos.
  2173 | D:3      | Noticed a phantom
  2225 | D:3      | Noticed Terence
  2622 | D:2      | Found an ancient bone altar of Kikubaaqudgha.
  2656 | D:2      | Gained mutation: A weak demonic guardian rushes to your
                  | aid. [demonic ancestry]
  2656 | D:2      | Reached XP level 5. HP: 19/41 MP: 8/8
  2820 | D:2      | Quit the game

Illustrated notes

Levels and vault maps discovered:
D:1:      psy_arrival_whirlpool, layout_basic, minmay_misc_feat_five
D:2:      layout_rooms, kennysheep_vampire_church
D:3:      layout_basic, nicolae_dithmenos_through_a_glass_darkly,
          overflow_temple_1_default, nicolae_overflow_crystal_walls,
          lightli_sewer_entry_pipes, ebering_dispersal_statue_hall,
          uniq_terence, uniq_ijyb, uniq_jessica

Skill      XL: |  1  2  3  4 |
---------------+-------------+-----
Shields        | 2 3 |  3.2
Dodging        | 1 2 |  2.5
Fighting       | 3 |  3.5
Stealth        | |  1.0
Spellcasting   | |  2.0
Transmutations | |  1.0
Fire Magic     | |  1.7

Action                   |  1- 3 |  4- 6 || total
-------------------------+-------+-------++-------
Melee: Spear             |   105 |       ||   105
       Dagger            |    63 |    74 ||   137
       War axe           |       |    60 ||    60
  Use: Potion            |     5 |       ||     5
       Scroll            |     3 |     5 ||     8
 Stab: Invisible         |     1 |       ||     1
Armor: Robe              |    53 |       ||    53
       Leather armour    |    32 |   102 ||   134
Dodge: Dodged            |   150 |   137 ||   287
Block: Buckler           |    44 |    46 ||    90
